 Dungeon Crawl Stone Soup version 0.20.1-1-g8b1a95d (webtiles) character file.

2823 Inarius the Merchant of Misery (level 9, -3/67 HPs)
             Began as a Demonspawn Necromancer on July 6, 2017.
             Was a Believer of Kikubaaqudgha.
             Slain by Joseph
             ... wielding a +0 quarterstaff
              (13 damage)
             ... on level 7 of the Dungeon.
             The game lasted 00:22:28 (6741 turns).

Inarius the Merchant of Misery (DsNe)               Turns: 6741, Time: 00:22:28

Health: -3/67      AC: 15    Str:  8    XL:     9   Next: 45%
Magic:  0/17       EV:  9    Int: 21    God:    Kikubaaqudgha [**....]
Gold:   307        SH:  0    Dex: 13    Spells: 3/19 levels left

rFire    + . .     SeeInvis .   t - +2 quarterstaff (chaos)
rCold    . . .     Gourm    .   (shield currently unavailable)
rNeg     + . .     Faith    .   F - +2 scale mail {rF+}
rPois    .         Spirit   +   d - +0 helmet
rElec    .         Reflect  .   u - +0 cloak
rCorr    .         Harm     .   y - +0 pair of gloves
MR       .....                  (boots unavailable)
Stlth    ..........             (no amulet)
Regen    0.3/turn               m - ring of positive energy
MPRegen  0.2/turn               (no ring)

@: about to teleport, drained
A: hooves 3, slimy green scales 1, magic shield
a: Receive Corpses, Renounce Religion


You were on level 7 of the Dungeon.
You worshipped Kikubaaqudgha.
Kikubaaqudgha was pleased with you.
You were not hungry.

You visited 2 branches of the dungeon, and saw 8 of its levels.

You collected 307 gold pieces.

Inventory:

Hand Weapons
 i - a +0 mace
 t - a +2 quarterstaff of chaos (weapon)
Armour
 d - a +0 helmet (worn)
 h - a +0 ring mail
 u - a +0 cloak (worn)
 y - a +0 pair of gloves (worn)
 F - a +2 scale mail of fire resistance (worn)
Jewellery
 m - a ring of positive energy (left hand)
Wands
 o - a wand of paralysis (20/24)
 z - a wand of paralysis (14/24)
Scrolls
 a - 2 scrolls of teleportation
 e - 4 scrolls of fear {unknown}
 j - 3 scrolls of recharging {unknown}
 k - 6 scrolls of remove curse {unknown}
 n - a scroll of random uselessness {unknown}
 p - a scroll of amnesia {unknown}
 q - 8 scrolls of identify {unknown}
 w - 2 scrolls of magic mapping {unknown}
 B - a scroll of blinking {unknown}
 C - 2 scrolls of immolation {unknown}
 D - a scroll of vulnerability {unknown}
 G - a scroll of noise {unknown}
 H - a scroll of enchant weapon {unknown}
 I - a scroll of fog {unknown}
Potions
 f - 3 potions of curing
 l - a potion of flight {unknown}
 r - a potion of lignification {unknown}
 s - a potion of heal wounds {unknown}
 J - a potion of brilliance {unknown}
Books
 b - a book of Necromancy

   Spells                             Type                      Level
   a - Pain                           Necromancy                   1
   b - Animate Skeleton               Necromancy                   1
   c - Vampiric Draining              Necromancy                   3
   d - Regeneration                   Charms/Necromancy            3
   e - Animate Dead                   Necromancy                   4
   f - Control Undead                 Necromancy                   4
 A - Kikubaaqudgha's Guide on Sinister Rites
   (Kikubaaqudgha gifted it to you on level 6 of the Dungeon)

   Spells                             Type                      Level
   a - Pain                           Necromancy                   1
   b - Corpse Rot                     Necromancy                   2
   c - Sublimation of Blood           Necromancy                   2
   d - Vampiric Draining              Necromancy                   3
   e - Control Undead                 Necromancy                   4
 E - a book of Maledictions

   Spells                             Type                      Level
   a - Corona                         Hexes                        1
   b - Ensorcelled Hibernation        Hexes/Ice                    2
   c - Confuse                        Hexes                        3
   d - Tukima's Dance                 Hexes                        3
   e - Dazzling Spray                 Conjuration/Hexes            3
Comestibles
 c - 5 bread rations
 g - 3 meat rations
 v - 5 fruits
 x - a royal jelly


   Skills:
 * Level 4.9(4.6) Fighting
 - Level 1.0(0.7) Staves
 * Level 5.3(5.0) Armour
 + Level 3.0(2.8) Dodging
 - Level 1.7(1.5) Stealth
 + Level 0.1(0.0) Unarmed Combat
 + Level 5.5(5.2) Spellcasting
 + Level 0.3(0.1) Charms
 * Level 9.8(9.5) Necromancy


You had 3 spell levels left.
You knew the following spells:

 Your Spells              Type           Power        Failure   Level  Hunger
a - Pain                  Necr           ####         1%          1    None
b - Animate Skeleton      Necr           N/A          1%          1    None
c - Vampiric Draining     Necr           #####.....   4%          3    ##.....
d - Regeneration          Chrm/Necr      ####......   34%         3    ##.....
e - Animate Dead          Necr           N/A          16%         4    ####...
f - Control Undead        Necr           #####.....   16%         4    ####...


Dungeon Overview and Level Annotations

Branches:
Dungeon (7/15)             Temple (1/1) D:4

Altars:
Dithmenos
Elyvilon
Kikubaaqudgha
Makhleb
Okawaru
Qazlal
Ru
Sif Muna
Vehumet

Annotations:
D:7 Joseph


Innate Abilities, Weirdness & Mutations

You have hooves in place of feet.
You are partially covered in slimy green scales. (AC +2)
When hurt, damage is shared between your health and your magic reserves.


Message History

You kick something. Something hits you.
You hit something but do no damage. Your kick misses something.
Something hits you but does no damage. Something hits you!
You barely miss something. Something hits you!
You hit something. You burn something. Something hits you. x2
You hit something but do no damage. You kick something. Something hits you. x2
You sock something! Something hits you but does no damage. Something hits you!
* * * LOW HITPOINT WARNING * * *
It was a potion of curing.
You feel better. Something hits you!
* * * LOW HITPOINT WARNING * * *
You closely miss something. You kick something! Something hits you.
* * * LOW HITPOINT WARNING * * *
Something hits you but does no damage.
You hit something. Something hits you.
* * * LOW HITPOINT WARNING * * *
Something completely misses you.
As you read the scroll of teleportation, it crumbles to dust.
You feel strangely unstable. Something hits you!
You die...
Kikubaaqudgha rasps: "You have failed me!
Welcome... death!"

###############
..............#
.############.#
.# #(#######
.########
#.((@{..#
.........
#######.....
.######.> ###
.# .# .# .# ♣♣
.# ♣♣ ♣.♣ .# ♣.
..#


There were no monsters in sight!

Vanquished Creatures
  2 sky beasts (D:5)
  An ice beast (D:7)
  An orc warrior (D:6)
  A phantom (D:6)
  5 ogres
  3 centaurs
  4 bullfrogs (D:6)
  2 scorpions
  10 wights
  5 crimson imps
  A hound (D:7)
  A jelly (D:6)
  An orc wizard (D:3)
  3 orc priests
  Crazy Yiuf (D:3)
  An iguana (D:5)
  3 worker ants
  2 hound skeletons
  13 adders
  5 gnolls
  A howler monkey skeleton (D:7)
  3 river rats (D:7)
  2 shadow imps
  2 oozes
  An adder zombie (D:6)
  3 worms
  A dart slug (D:3)
  3 leopard geckos
  10 orcs
  10 bats
  6 giant cockroaches
  9 goblins
  3 hobgoblins
  5 kobolds
  A ball python (D:4)
  4 frilled lizards
  A jackal skeleton (D:6)
  A quokka zombie (D:6)
  11 rats
142 creatures vanquished.

Vanquished Creatures (collateral kills)
  Sigmund (D:3)
  2 ogres
  2 wights (D:6)
  A jelly (D:6)
  A worker ant zombie (D:6)
  4 adders
  A dart slug (D:4)
  2 orcs (D:4)
  A goblin (D:2)
  A bat (D:2)
  A kobold (D:1)
  A rat (D:1)
18 creatures vanquished.

Vanquished Creatures (others)
  A centaur zombie (D:7)
  A bush (D:3)
2 creatures vanquished.

Grand Total: 162 creatures vanquished

Notes
Turn   | Place    | Note
-------+----------+-------------------------------------------
     0 | D:1      | Inarius the Demonspawn Necromancer began the quest for the Orb.
     0 | D:1      | Reached XP level 1. HP: 13/13 MP: 3/3
    43 | D:1      | Learned a level 1 spell: Animate Skeleton
   366 | D:1      | Gained mutation: You have large cloven feet. [demonic ancestry]
   366 | D:1      | Reached XP level 2. HP: 19/19 MP: 3/5
  1052 | D:2      | Reached skill level 5 in Necromancy
  1131 | D:2      | Gained mutation: You have hoof-like feet. [demonic ancestry]
  1131 | D:2      | Reached XP level 3. HP: 24/24 MP: 6/6
  1407 | D:2      | Learned a level 3 spell: Vampiric Draining
  1942 | D:3      | Found a runed door.
  2001 | D:3      | Reached XP level 4. HP: 26/31 MP: 3/7
  2003 | D:3      | Reached skill level 1 in Fighting
  2054 | D:3      | Reached skill level 1 in Armour
  2146 | D:3      | Gained mutation: You are partially covered in slimy green scales. (AC +2) [demonic ancestry]
  2146 | D:3      | Reached XP level 5. HP: 21/37 MP: 2/9
  2166 | D:3      | Reached skill level 6 in Necromancy
  2182 | D:3      | Learned a level 3 spell: Regeneration
  2367 | D:3      | Noticed Sigmund
  2377 | D:3      | Killed Sigmund
  2377 | D:3      | Gained mutation: You have hooves in place of feet. [demonic ancestry]
  2377 | D:3      | Reached XP level 6. HP: 15/44 MP: 1/11
  2706 | D:3      | Found a white marble altar of Elyvilon.
  3083 | D:3      | Noticed Crazy Yiuf
  3087 | D:3      | Killed Crazy Yiuf
  3339 | D:4      | Learned a level 4 spell: Animate Dead
  3381 | D:4      | Found a staircase to the Ecumenical Temple.
  3405 | Temple   | Entered the Ecumenical Temple
  3413 | Temple   | Became a worshipper of Kikubaaqudgha
  3611 | D:4      | Gained mutation: When hurt, damage is shared between your health and your magic reserves. [demonic ancestry]
  3611 | D:4      | Reached XP level 7. HP: 49/51 MP: 8/13
  3777 | D:4      | Reached skill level 7 in Necromancy
  4033 | D:5      | Entered Level 5 of the Dungeon
  4042 | D:5      | Reached skill level 1 in Staves
  4531 | D:5      | Reached skill level 8 in Necromancy
  4531 | D:5      | Reached XP level 8. HP: 49/58 MP: 8/14
  4978 | D:6      | Reached * piety under Kikubaaqudgha
  4978 | D:6      | Identified Kikubaaqudgha's Guide on Sinister Rites (Kikubaaqudgha gifted it to you on level 6 of the Dungeon)
  4978 | D:6      | Received a gift from Kikubaaqudgha
  5287 | D:5      | Learned a level 4 spell: Control Undead
  5314 | D:6      | Reached skill level 5 in Spellcasting
  5322 | D:6      | Reached skill level 9 in Necromancy
  5587 | D:6      | Reached XP level 9. HP: 30/65 MP: 5/16
  6118 | D:7      | Reached ** piety under Kikubaaqudgha
  6230 | D:7      | Reached skill level 5 in Armour
  6726 | D:7      | Noticed Joseph
  6741 | D:7      | Slain by Joseph

Skill      XL: |  1  2  3  4  5  6  7  8  9 |
---------------+----------------------------+-----
Necromancy     | 5 6 8 9 |  9.8
Fighting       | 1 2 3 4 |  4.9
Armour         | 1 2 3 4 5 |  5.3
Dodging        | 2 3 |  3.0
Spellcasting   | 3 4 5 |  5.5
Staves         | 1 |  1.0
Stealth        | |  1.7
Unarmed Combat | |  0.1
Charms         | |  0.3

Action                   |  1- 3 |  4- 6 |  7- 9 || total
-------------------------+-------+-------+-------++-------
Melee: Unarmed           |    10 |       |       ||    10
       Mace              |    51 |    57 |       ||   108
       Kick              |     4 |    12 |    58 ||    74
       Quarterstaff      |       |    15 |   263 ||   278
 Cast: Pain              |    50 |    24 |    39 ||   113
       Animate Skeleton  |    11 |    14 |    12 ||    37
       Vampiric Draining |     1 |    12 |    16 ||    29
       Animate Dead      |       |       |     9 ||     9
       Regeneration      |       |       |     5 ||     5
       Control Undead    |       |       |     5 ||     5
  Use: Potion            |       |     2 |     2 ||     4
       Scroll            |       |     1 |     1 ||     2
 Stab: Sleeping          |     1 |       |       ||     1
       Confused          |       |       |     1 ||     1
       Petrified         |       |       |     5 ||     5
       Paralysed         |       |       |     2 ||     2
       Petrifying        |       |       |     1 ||     1
  Eat: Chunk             |     4 |     7 |     5 ||    16
       Bread ration      |       |       |     2 ||     2
Armor: Robe              |     5 |       |       ||     5
       Ring mail         |    38 |    40 |   107 ||   185
       Scale mail        |       |       |    32 ||    32
Dodge: Dodged            |    61 |    33 |   137 ||   231
